 Dungeon Crawl Stone Soup version 0.29.1-4-g47bece8355 (webtiles) character file.

Game seed: 4403305505181331063

70 Lutefisk the Insei (level 4, -1/30 (31) HPs)
             Began as an Octopode Transmuter on Dec 3, 2022.
             Slain by an orc wizard
             ... wielding a +0 dagger
              (5 damage)
             ... on level 3 of the Dungeon.
             The game lasted 00:07:11 (1309 turns).

Lutefisk the Insei (Octopode Transmuter)            Turns: 1309, Time: 00:07:11

HP:   -1/30 (31)    AC:  1    Str:  9    XL:     4   Next: 21%
MP:   5/7           EV: 14    Int: 15    God:
Gold: 103           SH:  0    Dex: 14    Spells: 1/7 levels left

rFire   . . .      SeeInvis .     - Unarmed
rCold   . . .      Faith    .   (no shield)
rNeg    . . .      Spirit   .   (helmet restricted)
rPois   .          Reflect  .   (no amulet)
rElec   .          Harm     .   (no ring)
rCorr   .          Rampage  .   (no ring)
Will    .....                   (no ring)
Stlth   +++.......              (no ring)
HPRegen 0.10/turn               (no ring)
MPRegen 0.10/turn               (no ring)
                                (no ring)
                                (no ring)

@: wereblooded (expiring), lightly drained
A: almost no armour, amphibious, 8 rings, camouflage 1, gelatinous body 1,
(nimble swimmer 1), tentacles
a: no special abilities


You were on level 3 of the Dungeon.
You visited 1 branch of the dungeon, and saw 3 of its levels.

You collected 103 gold pieces.

Inventory:

Scrolls
 b - a scroll of vulnerability {unknown}
 c - a scroll of summoning {unknown}
 g - 2 scrolls of identify {unknown}
Potions
 a - a potion of lignification
 d - a potion of berserk rage
 e - a potion of invisibility {unknown}
 f - a potion of curing {unknown}
 h - a potion of flight {unknown}
 i - a potion of heal wounds {unknown}


   Skills:
 - Level 3.0 Fighting
 * Level 2.9 Dodging
 - Level 1.0 Stealth
 - Level 3.0 Unarmed Combat
 - Level 2.0 Spellcasting
 - Level 2.0 Transmutations
 * Level 0.9 Poison Magic


You had one spell level left.
You knew the following spells:

 Your Spells              Type           Power      Damage    Failure   Level
a - Beastly Appendage     Tmut           14%        N/A       10%         1
b - Wereblood             Tmut           7%         N/A       14%         2
c - Spider Form           Tmut/Pois      5%         N/A       36%         3

Your spell library contained the following spells:

 Spells                   Type           Power      Damage    Failure   Level
 Shock                    Conj/Air       4%         1d3       22%         1
 Dazzling Flash           Conj/Hex       2%         N/A       54%         3
 Swiftness                Air            1%         N/A       54%         3
 Ice Form                 Ice/Tmut       4%         N/A       82%         4
 Airstrike                Air            0%         2d(1-17)  91%         4
 Agony                    Necr           1%         N/A       99%         5
 Silence                  Hex/Air        0%         N/A       99%         5


Dungeon Overview and Level Annotations

Branches:
Dungeon (3/15)

Altars:

Shops:
D:3 [


Innate Abilities, Weirdness & Mutations

You cannot wear most types of armour.
You are amphibious.
You can wear up to eight rings at the same time.
Your skin changes colour to match your surroundings (Stealth+).
Your rubbery body absorbs attacks. (AC +1, EV +1)
((You are camouflaged when in or above water. (Stealth+)))
You have tentacles for arms and can constrict up to eight enemies at once.


Message History

Deactivating autopickup; reactivate with Ctrl-A.
You tentacle-slap the orc. Your grab misses the orc.
The orc is lightly wounded.
You howl as the wereblood boils in your veins!
The orc misses you.
You tentacle-slap the orc but do no damage.
Your grab misses the orc. You squeeze the orc.
You feel a bit better.
You kill the orc!
You tentacle-slap the orc. Your grab misses the orc.
The orc is heavily wounded.
You howl as the wereblood boils in your veins!
Your magical contamination has completely faded away.
You tentacle-slap the orc.
You feel a bit better.
You kill the orc!
You barely miss the orc. You grab the orc. You squeeze the orc.
The orc is severely wounded.
You constrict the orc, but do no damage.
The orc barely misses you.
You tentacle-slap the orc but do no damage.
You squeeze the orc.
You feel a bit better.
You kill the orc!
You tentacle-slap something. Your squeeze misses something. Something hits you.
You miss something. Your squeeze misses something. Something hits you.
You tentacle-slap something but do no damage.
Your squeeze misses something. Something barely misses you.
You tentacle-slap something. Something hits you.
You barely miss something. Your squeeze misses something.
You barely miss something.
Your tentacle-slap misses something.
Your squeeze misses something. Something hits you.
You tentacle-slap something. Something hits you.
* * * LOW HITPOINT WARNING * * *
You miss something. Something hits you.
* * * LOW HITPOINT WARNING * * *
You miss something.
Your primal bloodlust is almost over.
Something hits you.
* * * LOW HITPOINT WARNING * * *
You tentacle-slap something. Something completely misses you.
You barely miss something. You squeeze something. Something hits you.
You die...

.......#..##..#..###..#.....
#####.#...##...#.....#######
##..........#...###
####..##..........
##............ ###.......#
#...†...# ####....# ###@..#
#){)..# #...###....... #.##
#...### .. #..# ... ..# ..
.# . . .#


There were no monsters in sight!

Vanquished Creatures
  An orc wizard (D:3)
  A dart slug (D:1)
  5 orcs (D:3)
  An endoplasm (D:1)
  A giant cockroach (D:1)
  2 goblins
  3 hobgoblins
  9 kobolds
  3 quokkas
  4 ball pythons
  4 frilled lizards
  2 rats (D:1)
36 creatures vanquished.

Notes
Turn   | Place    | Note
-------+----------+-------------------------------------------
     0 | D:1      | Lutefisk the Octopode Transmuter began the quest for the
                  | Orb.
     0 | D:1      | Reached XP level 1. HP: 13/13 MP: 3/3
    67 | D:1      | Found a faded altar of an unknown god.
   198 | D:1      | Reached XP level 2. HP: 14/19 MP: 3/5
   539 | D:2      | Learned a level 2 spell: Wereblood
   694 | D:2      | Reached XP level 3. HP: 25/25 MP: 6/6
   807 | D:3      | Found Logitwisk's Armour Shop.
   823 | D:3      | Reached skill level 1 in Stealth
   832 | D:3      | Learned a level 3 spell: Spider Form
  1221 | D:2      | Reached XP level 4. HP: 31/31 MP: 7/7
  1309 | D:3      | Slain by an orc wizard

Illustrated notes

Levels and vault maps discovered:
D:1:      saegor_arrival_miasma, layout_basic, shapermc_ecumenical_altar_petra,
          serial_park_tiny_1, roderic_lattice_a
D:2:      layout_basic
D:3:      layout_rooms, serial_glass, glass_columns_a, glass_columns_a,
          serial_shops, shop_statue, minivault_26

Skill      XL: |  1  2  3 |
---------------+----------+-----
Fighting       | 2 3 |  3.0
Stealth        | 1 |  1.0
Dodging        | |  2.9
Unarmed Combat | |  3.0
Spellcasting   | |  2.0
Transmutations | |  2.0
Poison Magic   | |  0.9

Action                   |  1- 3 |  4- 6 || total
-------------------------+-------+-------++-------
Melee: Unarmed           |    59 |    24 ||    83
       Kick              |    11 |     5 ||    16
       Constrict         |    18 |     4 ||    22
       Tentacles         |    12 |     5 ||    17
       Punch             |     3 |       ||     3
Throw: Stone             |    10 |       ||    10
 Cast: Beastly Appendage |    10 |     1 ||    11
       Wereblood         |       |     1 ||     1
  Use: Potion            |     1 |       ||     1
 Stab: Sleeping          |     1 |     1 ||     2
Armor: Skin              |     3 |       ||     3
Dodge: Dodged            |    23 |     6 ||    29
